 Dungeon Crawl Stone Soup version 0.30-a0-172-gc5509c9e31 (webtiles) character file.

Game seed: 2925029021728739965

95 qw the Chopper (level 4, -1/28 HPs)
             Began as a Gargoyle Fighter on Oct 1, 2022.
             Slain by a centaur
             ... wielding a +0 dire flail
              (7 damage)
             ... on level 3 of the Dungeon.
             The game lasted 00:00:36 (1376 turns).

qw the Chopper (Gargoyle Fighter)                   Turns: 1376, Time: 00:00:36

Health: -1/28      AC: 10    Str: 21    XL:     4   Next: 66%
Magic:  4/4        EV:  9    Int:  9    God:
Gold:   149        SH:  4    Dex:  9    Spells: 3/3 levels left

rFire   . . .      SeeInvis .    Y - +0 war axe
rCold   . . .      Faith    .    c - +0 buckler
rNeg    + . .      Spirit   .    b - +0 scale mail
rPois   inf        Reflect  .    (no helmet)
rElec   +          Harm     .    (no cloak)
rCorr   .          Rampage  .    (no gloves)
Will    .....                    (no boots)
Stlth   ..........               (no amulet)
HPRegen 0.24/turn                (no ring)
MPRegen 0.09/turn                (no ring)

@: no status effects
A: sickness immunity, AC +3, negative energy resistance 1, electricity
resistance, torment resistance 1, petrification resistance
a: no special abilities


You were on level 3 of the Dungeon.
You visited 1 branch of the dungeon, and saw 3 of its levels.

You collected 149 gold pieces.


Innate Abilities, Weirdness & Mutations

You are immune to sickness and miasma.
Your stone body is resilient. (AC +3)
You are immune to poison.
You resist negative energy. (rN+)
You are resistant to electric shocks. (rElec)
You are resistant to unholy torment.
You are immune to petrification.


   Skills:
 - Level 3.2 Fighting
 + Level 4.3 Axes
 - Level 3.2 Armour
 - Level 3.2 Shields


You had 3 spell levels left.
You didn't know any spells.
Your spell library was empty.

Inventory:

Hand Weapons
 g - a +0 whip
 Y - a +0 war axe (weapon)
Armour
 b - a +0 scale mail (worn)
 c - a +0 buckler (worn)
 e - a +0 pair of gloves
Potions
 a - a potion of haste {unknown}
 d - 4 potions of might
 f - a potion of magic {unknown}
 h - a potion of attraction {unknown}
 j - a potion of flight {unknown}

Dungeon Overview and Level Annotations

Branches:
Dungeon (3/15)

Altars:
Gozag

Shops:
D:1 (   D:2 (


Message History

You slash the goblin!
You kill the goblin!
The centaur shoots an arrow.
The arrow barely misses you.
The centaur shoots an arrow.
The arrow hits you.
The dart slug bites you but does no damage.
You slash the dart slug!
You kill the dart slug!
The centaur shoots an arrow.
You block the arrow.
The centaur shoots an arrow.
The arrow hits you.
The ball python bites you but does no damage.
The ball python grabs you. The ball python constricts you.
You hit the ball python.
The ball python is severely wounded.
The centaur shoots an arrow.
The arrow hits you.
The centaur shoots an arrow.
The arrow hits you. You block the ball python's attack.
The ball python constricts you.
You slash the ball python!
You kill the ball python!
You closely miss the adder.
A kobold comes into view.
It is wielding a +0 dagger and quivering poisoned darts.
The adder barely misses you.
The kobold throws a stone.
The stone closely misses you.
The kobold moves out of view.
You slash the adder!
The adder is almost dead.
The adder bites you. The adder misses you.
The kobold throws a stone.
The stone hits you but does no damage.
You hit the adder.
You kill the adder!
The centaur shoots an arrow.
The arrow barely misses you.
You barely miss the centaur. You hit the kobold.
The centaur unwields a +0 shortbow.
The centaur wields a +0 dire flail.
The centaur closely misses you. You block the centaur's attack.
You block the kobold's attack.
The centaur hits you with a +0 dire flail.
The centaur closely misses you. The kobold hits you but does no damage.
You barely miss the kobold.
The kobold is moderately wounded.
You barely miss the centaur.
The centaur hits you with a +0 dire flail!
You die...

.. .....#####
...#........#
...#........#
#...........#
#....(.....#
...........#
......K....#
.......@...#
.......c...#
.##........#
#.......##
#.......#
#........
#.........
#..~~~~~~~~


You could see a centaur and a kobold.

Vanquished Creatures
  Jessica (D:2)
  3 adders
  3 dart slugs
  5 ball pythons
  2 endoplasms
  A giant cockroach (D:2)
  3 goblins
  4 hobgoblins
  5 jackals (D:1)
  A quokka (D:1)
  3 bats
  3 frilled lizards
  A kobold (D:1)
  4 rats
39 creatures vanquished.

Notes
Turn   | Place    | Note
-------+----------+-------------------------------------------
     0 | D:1      | qw the Gargoyle Fighter began the quest for the Orb.
     0 | D:1      | Reached XP level 1. HP: 14/14 MP: 1/1
     0 | D:1      | 0 ||| qw: Version: 0.2-a-13-gfc7b4b4
     0 | D:1      | 0 ||| qw: Game counter: 1763
     0 | D:1      | 0 ||| qw: Always use a shield: true
     0 | D:1      | 0 ||| qw: God list: Okawaru
     0 | D:1      | 0 ||| qw: Allow faded altars: false
     0 | D:1      | 0 ||| qw: Do Orc after D:15 true
     0 | D:1      | 0 ||| qw: Do second Lair branch before Depths: true
     0 | D:1      | 0 ||| qw: Lair rune preference: random
     0 | D:1      | 0 ||| qw: Plans: Normal, Zot:1-4, God:TSO, Crypt, Tomb,
                  | Pan, Slime:5, Hells, Abyss, Orb
     0 | D:1      | 0 ||| PLANNING D:1-11
    71 | D:1      | Reached skill level 2 in Axes
   145 | D:1      | Found Buigugg's Weapon Shop.
   154 | D:1      | 154 ||| SHOPLISTING +6 mace of protection (356 gold, have
                  | 13).
   224 | D:1      | 224 ||| Stepping ~*~*~tactically~*~*~ (stealth).
   265 | D:1      | Reached XP level 2. HP: 18/19 MP: 2/2
   272 | D:1      | 272 ||| Stepping ~*~*~tactically~*~*~ (stealth).
   309 | D:1      | 309 ||| Stepping ~*~*~tactically~*~*~ (stealth).
   686 | D:1      | 686 ||| DROPPING ring of magical power.
   687 | D:1      | 687 ||| READING scroll labelled POSEDE SIETHRI.
   697 | D:1      | 697 ||| READING scroll labelled TEKAUTA CENEL.
   717 | D:2      | Found a faded altar of an unknown god.
   726 | D:2      | 726 ||| Stepping ~*~*~tactically~*~*~ (hiding).
   727 | D:2      | 727 ||| Stepping ~*~*~tactically~*~*~ (hiding).
   735 | D:2      | Reached skill level 3 in Axes
   855 | D:2      | 855 ||| Stepping ~*~*~tactically~*~*~ (stealth).
   858 | D:2      | Reached XP level 3. HP: 23/23 MP: 3/3
   901 | D:2      | Noticed Jessica
   902 | D:2      | 902 ||| Stepping ~*~*~tactically~*~*~ (hiding).
   911 | D:2      | 911 ||| Stepping ~*~*~tactically~*~*~ (hiding).
   912 | D:2      | 912 ||| FLEEEEING.
   913 | D:2      | 913 ||| FLEEEEING.
   914 | D:2      | 914 ||| FLEEEEING.
   923 | D:2      | Killed Jessica
   981 | D:2      | Reached XP level 4. HP: 28/28 MP: 4/4
  1013 | D:2      | Found an opulent altar of Gozag.
  1077 | D:2      | Reached skill level 4 in Axes
  1163 | D:2      | Found Jaxzap's Weapon Shoppe.
  1314 | D:2      | 1314 ||| READING scroll labelled ESSIYR HENWO.
  1367 | D:3      | Noticed a centaur
  1375 | D:3      | HP: 6/28 [centaur/+0 dire flail (6)]
  1376 | D:3      | Slain by a centaur

Levels and vault maps discovered:
D:1:      amcnicky_arrival_double_pillar, layout_loops_cross, serial_shops,
          nicolae_shop_bloodbath_and_beyond
D:2:      layout_basic, basic_altar, ebering_ecumenical_altar_petrified,
          serial_shops, nicolae_shop_statue_plus, uniq_jessica
D:3:      wander_river, layout_basic, mainiacjoe_overflow_concentric_impassable,
          nicolae_overflow_crystal_walls

Skill      XL: |  1  2  3  4 |
---------------+-------------+-----
Axes           | 2 3 4 |  4.3
Fighting       | |  3.2
Armour         | |  3.2
Shields        | |  3.2

Action                   |  1- 3 |  4- 6 || total
-------------------------+-------+-------++-------
Melee: War axe           |    97 |    22 ||   119
  Use: Scroll            |     2 |     1 ||     3
Armor: Scale mail        |    58 |    10 ||    68
Dodge: Dodged            |    45 |    12 ||    57
Block: Buckler           |    20 |     5 ||    25

Table legend:
 A = Non-vault XP
 B = Vault XP
 C = Vault XP percentage of total XP
 D = Non-vault monster count
 E = Vault monster count
 F = Vault count percentage of total count
                 A         B        C        D         E       F
            +---------+---------+-------+---------+---------+-------
      Total |     100 |      37 |  27.0 |      38 |       1 |   2.6
            +---------+---------+-------+---------+---------+-------
        D:1 |      26 |       0 |   0.0 |      16 |       0 |   0.0
        D:2 |      41 |      37 |  47.4 |      17 |       1 |   5.6
        D:3 |      33 |       0 |   0.0 |       5 |       0 |   0.0
            +---------+---------+-------+---------+---------+-------
